 Dungeon Crawl Stone Soup version 0.18-a0-1560-ge216ca8 (webtiles) character file.

63 gorblad the Magician (level 3, -1/19 HPs)
             Began as a Deep Elf Air Elementalist on Mar 12, 2016.
             Slain by a giant cockroach (2 damage)
             ... on level 1 of the Dungeon.
             The game lasted 00:02:53 (660 turns).

gorblad the Magician (Deep Elf Air Elementalist)     Turns: 660, Time: 00:02:53

Health: -1/19      AC: -2    Str:  5    XL:     3   Next: 89%
Magic:  0/10       EV: 13    Int: 20    God:
Gold:   29         SH:  0    Dex: 15    Spells: 1 memorised, 9 levels left

rFire  . . .     SeeInvis .     e - +0 dagger
rCold  . . .     Gourm    .     a - +0 robe
rNeg   . . .     Faith    .     (no shield)
rPois  .         Spirit   .     (no helmet)
rElec  .         Dismiss  .     (no cloak)
rCorr  .         Reflect  .     (no gloves)
SustAt .         Harm     .     (no boots)
MR     .....                    (no amulet)
Stlth  ++........               (no ring)
                                (no ring)

@: corroded equipment, very slightly contaminated, not resistant to hostile
enchantments, unstealthy
A: no striking features
a: no special abilities


You were on level 1 of the Dungeon.
You were not hungry.

You visited 1 branch of the dungeon, and saw 1 of its levels.

You collected 29 gold pieces.

Inventory:

Hand Weapons
 e - a +0 dagger (weapon)
Armour
 a - a +0 robe (worn)
Scrolls
 f - a scroll of teleportation {unknown}
 j - a scroll of identify {unknown}
 m - a scroll of noise {unknown}
Potions
 g - a potion of agility {unknown}
 h - 2 potions of heal wounds {unknown}
 k - a potion of might {unknown}
Books
 b - a book of Air

   Spells                             Type                      Level
   a - Shock                          Conjuration/Air              1
   b - Swiftness                      Charms/Air                   2
   c - Repel Missiles                 Charms/Air                   2
   d - Static Discharge               Conjuration/Air              3
   e - Lightning Bolt                 Conjuration/Air              5
Comestibles
 c - a bread ration
 i - a beef jerky
 l - a slice of pizza


   Skills:
 - Level 2.4 Dodging
 - Level 2.4 Stealth
 + Level 4.1 Spellcasting
 + Level 2.4 Conjurations
 + Level 3.7 Air Magic


You had 9 spell levels left.
You knew the following spells:

 Your Spells              Type           Power        Failure   Level  Hunger
a - Shock                 Conj/Air       ###.         3%          1    None


Dungeon Overview and Level Annotations

Branches:
Dungeon (1/15)

Altars:


Message History

You kill the jelly!
Your Spellcasting skill increases to level 4!
Your Conjurations skill increases to level 2!
The zap hits the giant cockroach.
The giant cockroach is heavily wounded.
You closely miss the giant cockroach.
The giant cockroach is heavily wounded.
The giant cockroach bites you.
* * * LOW HITPOINT WARNING * * *
Casting: Shock
Confirm with . or Enter, or press ? or * to list all spells.
Aiming: Shock
Press: ? - help, Shift-Dir - straight line, f - giant cockroach
Aim: a giant cockroach (heavily wounded, clinging)
The zap hits the giant cockroach.
You kill the giant cockroach!
The zap hits the giant cockroach.
The giant cockroach is heavily wounded.
The giant cockroach bites you.
You die...

#.#......<......#....
#.'⌠..r.###....⌠'..#.
#.#...J..s......#..##
#†#######'#######..##
#†#.......JJ....#..##
#.#...s.........#....
#.#.....JJ......#....
#.###############....
#..s@................
#########......#.####
#...####.......
#.#####..######
##.......## #
##..####### #
########...# #######
#..........# #......
#........### #......


You could see a giant cockroach.

Vanquished Creatures
  A jelly (D:1)
  2 oozes (D:1)
  2 dart slugs (D:1)
  2 giant geckos (D:1)
  3 giant cockroaches (D:1)
  2 hobgoblins (D:1)
  A jackal (D:1)
  2 bats (D:1)
  3 goblins (D:1)
  A kobold (D:1)
  2 rats (D:1)
21 creatures vanquished.

Notes
Turn   | Place    | Note
--------------------------------------------------------------
     0 | D:1      | gorblad the Deep Elf Air Elementalist began the quest for the Orb.
     0 | D:1      | Reached XP level 1. HP: 10/10 MP: 6/6
     0 | D:1      | Noticed a jelly
     1 | D:1      | Found a runed door.
   182 | D:1      | Reached XP level 2. HP: 15/15 MP: 3/8
   649 | D:1      | Reached XP level 3. HP: 11/19 MP: 3/10
   652 | D:1      | Reached skill level 4 in Spellcasting
   660 | D:1      | Slain by a giant cockroach

Vault maps used:
D:1:      dpeg_arrival_caged_fury

Skill      XL: |  1  2  3 |
---------------+----------+-----
Spellcasting   | 4 |  4.1
Conjurations   | 2 |  2.4
Dodging        | |  2.4
Stealth        | |  2.4
Air Magic      | |  3.7

Action                   || total
-------------------------++-------
Melee: Dagger            ||     2
 Cast: Shock             ||    38
